 Dungeon Crawl Stone Soup version 0.19.0-2-gae57169 (webtiles) character file.

1590 MirrMurr the Covert (level 8, -4/36 HPs)
             Began as a Spriggan Enchanter on Nov 6, 2016.
             Was a Follower of Ashenzari.
             Killed from afar by an electric eel (18 damage)
             ... with a bolt of electricity
             ... on level 6 of the Dungeon.
             The game lasted 00:17:23 (8263 turns).

MirrMurr the Covert (Spriggan Enchanter)            Turns: 8263, Time: 00:17:25

Health: -4/36      AC:  6    Str:  5    XL:     8   Next: 61%
Magic:  15/19      EV: 20    Int: 17    God:    Ashenzari [*.....]
Gold:   377        SH:  0    Dex: 17    Spells: 5 memorised, 8 levels left

rFire  . . .     SeeInvis +     t - +0 dagger (protect) (curse)
rCold  . . .     Gourm    .     b - +2 robe
rNeg   . . .     Faith    .     (shield restricted)
rPois  +         Spirit   .     (helmet restricted)
rElec  .         Reflect  .     h - +0 cloak
rCorr  .         Harm     .     (gloves unavailable)
MR     +....                    (boots unavailable)
Stlth  +++.......               (no amulet)
                                n - ring of poison resistance (curse)
                                f - +1 ring of protection

@: very quick
A: unfitting armour, see invisible, herbivore 3, speed 3, slow metabolism 2
a: Curse Item, Scrying, Renounce Religion


You were on level 6 of the Dungeon.
You worshipped Ashenzari.
Ashenzari was aware of your devotion.
You were not hungry.

You visited 2 branches of the dungeon, and saw 7 of its levels.

You collected 377 gold pieces.

Inventory:

Hand Weapons
 a - a +2 dagger
 q - a +2 rapier of speed
 t - a cursed +0 dagger of protection (weapon)
Missiles
 k - 115 stones (quivered)
 y - 6 tomahawks
Armour
 b - a +2 robe (worn)
 h - a +0 cloak (worn)
Jewellery
 f - a +1 ring of protection (left hand)
 n - a cursed ring of poison resistance (right hand)
Scrolls
 j - 3 scrolls of teleportation
 r - a scroll of remove curse
 u - 2 scrolls of magic mapping
Potions
 e - 3 potions of ambrosia
 g - 2 potions of cure mutation
 i - a potion of cancellation
 l - a potion of lignification {unknown}
 o - a potion of haste {unknown}
 p - 2 potions of degeneration {unknown}
 s - a potion of berserk rage {unknown}
 v - 2 potions of invisibility
 w - 2 potions of mutation {unknown}
 x - a potion of might {unknown}
 z - a potion of curing {unknown}
Books
 c - a book of Maledictions

   Spells                             Type                      Level
   a - Corona                         Hexes                        1
   b - Ensorcelled Hibernation        Hexes/Ice                    2
   c - Confuse                        Hexes                        3
   d - Tukima's Dance                 Hexes                        3
   e - Dazzling Spray                 Conjuration/Hexes            3
Comestibles
 d - 4 bread rations
 m - 6 fruits


   Skills:
 + Level 5.4 Short Blades
 + Level 5.0 Dodging
 + Level 11.1 Stealth
 + Level 6.8 Spellcasting
 + Level 5.7 Hexes


You had 8 spell levels left.
You knew the following spells:

 Your Spells              Type           Power        Failure   Level  Hunger
a - Ensorcelled Hibernat  Hex/Ice        ###...       6%          2    None
b - Confuse               Hex            ####....     4%          3    ##.....
c - Corona                Hex            ####...      1%          1    None
d - Dazzling Spray        Conj/Hex       ###...       12%         3    ##.....
e - Tukima's Dance        Hex            ####....     4%          3    ##.....


Dungeon Overview and Level Annotations

Branches:
Dungeon (6/15)             Temple (1/1) D:6

Altars:
Ashenzari
Cheibriados
Dithmenos
Elyvilon
Gozag
Hepliaklqana
Kikubaaqudgha
Makhleb
Nemelex Xobeh
Okawaru
Qazlal
Trog
Uskayaw
Xom
Yredelemnul
Zin
The Shining One

Annotations:
D:2 come back w/ apport
D:5 Eustachio


Innate Abilities, Weirdness & Mutations

You are very small and have problems with some larger weapons.
You are too small for most types of armour.
You have supernaturally acute eyesight. (SInv)
You are a herbivore.
You cover ground extremely quickly.
You need consume almost no food.


Message History

Your unstable footing causes you to fumble your attack.
Your unstable footing causes you to fumble your attack.
Your unstable footing causes you to fumble your attack.
Your unstable footing causes you to fumble your attack.
The electric eel shoots out a bolt of lightning at you!
The bolt of electricity hits you!
The electric eel shoots out a bolt of lightning at you!
The bolt of electricity hits you!
A bullfrog comes into view.
The bullfrog gives a loud, deep croak!
The electric eel shoots out a bolt of lightning at you!
The bolt of electricity hits you!
The electric eel seems less confused.
The bullfrog misses you.
Your unstable footing causes you to fumble your attack.
The bullfrog completely misses you.
The electric eel shoots out a bolt of lightning at you!
The bolt of electricity hits the bullfrog.
The bolt of electricity hits you!
Ouch! That really hurt!
You die...

#.##### #≈...#...
#....###........
#..†.'.#........
#....'.'........
##....###..".....
##.#######....#...
#≈## #≈##≈.###.#
##≈≈# ##;≈##≈≈.#≈≈≈
#≈@≈##≈≈≈≈≈##≈≈≈≈≈≈
#≈F≈#≈≈≈≈≈≈≈##.#≈.≈
#≈≈≈#≈≈≈≈≈≈≈ ##..#.
#≈≈≈≈≈≈≈≈≈≈≈ ##.##
#≈≈≈≈≈≈≈≈≈≈≈ ##.#
#≈≈≈;≈≈#.≈≈≈ ##.
#≈≈≈≈≈≈# .≈≈ ##
#≈≈≈≈≈≈# ≈ #
#≈≈≈#≈≈#


You could see a bullfrog and an electric eel.

Vanquished Creatures
  Edmund (D:6)
  Menkaure (D:6)
  Duvessa (D:5)
  2 ogres
  A phantom (D:4)
  A centaur (D:5)
  Dowan (D:5)
  A howler monkey (D:4)
  2 electric eels (D:6)
  3 jellies (D:6)
  3 bullfrog skeletons
  3 orc priests
  A centaur skeleton (D:5)
  3 orc wizards
  An iguana (D:6)
  6 worker ants
  A howler monkey zombie (D:6)
  7 gnolls
  4 adders
  A shadow imp (D:5)
  An ooze (D:3)
  An adder zombie (D:6)
  An adder skeleton (D:6)
  A worm (D:4)
  A dart slug (D:2)
  4 leopard geckos
  12 orcs
  5 giant cockroaches
  11 goblins
  5 hobgoblins
  5 jackals
  5 kobolds
  3 quokkas
  A ball python skeleton (D:4)
  7 bats
  2 frilled lizards
  6 rats (D:1)
115 creatures vanquished.

Notes
Turn   | Place    | Note
-------+----------+-------------------------------------------
     0 | D:1      | MirrMurr the Spriggan Enchanter began the quest for the Orb.
     0 | D:1      | Reached XP level 1. HP: 9/9 MP: 5/5
   132 | D:1      | Reached skill level 5 in Stealth
   586 | D:1      | Reached XP level 2. HP: 13/13 MP: 6/6
   590 | D:1      | Learned a level 2 spell: Ensorcelled Hibernation
   845 | D:1      | Reached skill level 6 in Stealth
  1318 | D:2      | Reached XP level 3. HP: 16/16 MP: 8/8
  1497 | D:2      | Learned a level 3 spell: Confuse
  1881 | D:2      | Reached skill level 7 in Stealth
  2004 | D:2      | Found a bloodstained altar of Trog.
  2855 | D:3      | Reached XP level 4. HP: 17/21 MP: 6/9
  3039 | D:3      | Found an opulent altar of Gozag.
  3405 | D:4      | Found a white marble altar of Elyvilon.
  3595 | D:4      | Noticed a phantom
  3612 | D:4      | Killed a phantom
  3612 | D:4      | Reached skill level 8 in Stealth
  3612 | D:4      | Reached XP level 5. HP: 19/24 MP: 4/12
  3617 | D:4      | Learned a level 3 spell: Dazzling Spray
  3792 | D:4      | Reached XP level 6. HP: 23/28 MP: 7/13
  4136 | D:4      | Reached skill level 9 in Stealth
  4282 | D:4      | Reached skill level 5 in Spellcasting
  4699 | D:5      | Entered Level 5 of the Dungeon
  4720 | D:5      | Found a shattered altar of Ashenzari.
  4723 | D:5      | Became a worshipper of Ashenzari the Shackled
  4759 | D:5      | Noticed Duvessa
  4761 | D:5      | Noticed Dowan
  4780 | D:5      | Reached XP level 7. HP: 32/32 MP: 10/16
  4785 | D:5      | Learned a level 3 spell: Tukima's Dance
  4960 | D:5      | Noticed Eustachio
  5433 | D:5      | Reached skill level 10 in Stealth
  5903 | D:5      | Killed Dowan
  5910 | D:5      | Killed Duvessa
  6550 | D:6      | Reached XP level 8. HP: 36/36 MP: 18/18
  6552 | D:6      | Reached skill level 5 in Hexes
  6917 | D:6      | Found a hazy altar of Hepliaklqana.
  6973 | D:6      | Found a staircase to the Ecumenical Temple.
  6974 | D:6      | Noticed Menkaure
  6999 | D:6      | Killed Menkaure
  6999 | D:6      | Reached skill level 5 in Short Blades
  7359 | Temple   | Entered the Ecumenical Temple
  7744 | D:6      | Found a stormy altar of Qazlal.
  7803 | D:6      | Reached * piety under Ashenzari
  8027 | D:6      | Noticed Edmund
  8067 | D:6      | Killed Edmund
  8067 | D:6      | Reached skill level 11 in Stealth
  8235 | D:6      | Reached skill level 5 in Dodging
  8263 | D:6      | Killed from afar by an electric eel

Skill      XL: |  1  2  3  4  5  6  7  8 |
---------------+-------------------------+-----
Stealth        | 5 6 7 8 9 10 11 | 11.1
Spellcasting   | 4 5 6 |  6.8
Short Blades   | 2 3 4 5 |  5.4
Hexes          | 4 5 |  5.7
Dodging        | 5 |  5.0

Action                   |  1- 3 |  4- 6 |  7- 9 || total
-------------------------+-------+-------+-------++-------
Melee: Dagger            |   228 |    79 |   221 ||   528
 Cast: Ensorcelled Hiber |     4 |    15 |    36 ||    55
       Confuse           |       |    12 |    29 ||    41
       Dazzling Spray    |       |       |     5 ||     5
Invok: Curse Item        |       |       |     2 ||     2
  Use: Scroll            |     8 |     2 |     1 ||    11
 Stab: Sleeping          |    14 |    13 |    22 ||    49
       Distracted        |     1 |       |     2 ||     3
       Confused          |       |     6 |    16 ||    22
       Invisible         |       |       |     3 ||     3
  Eat: Royal jelly       |       |     1 |       ||     1
       Bread ration      |       |     1 |       ||     1
       Fruit             |       |     1 |       ||     1
Armor: Robe              |    36 |     7 |    45 ||    88
Dodge: Dodged            |   173 |    48 |   159 ||   380
